cohdb
Replays
Latest Replays
All Replays
Popular Replays
Top Player Replays
Match Explorer
How It Works
Community
CoH3 Stats
Reddit
Sign in to upload your games and track your stats! →
Sign in with Steam
Match 41600173
Unlisted
Match 41600173
Overview
Messages
Build Orders
End
Construct Section Command Post
Royal Engineer Section
Selects Air and Sea Battlegroup
Infantry Section
Infantry Section
Infantry Section
Construct Platoon Command Post
Humber Armored Car
Infantry Training
Grenade Package
Selects Supply Surplus
Selects Commando Section Paradrop
Selects Commando Support Section Paradrop
Commando Support Section Paradrop
6-pounder Anti-tank Gun Team
Unlock M3 Stuart Light Tanks
M3 Stuart Light Tank
6-pounder Anti-tank Gun Team
Construct Company Command Post
Crusader II Medium Tank
Crusader II Medium Tank
Selects UNKNOWN (223837)
Crusader II Medium Tank
Selects Naval Bombardment
Bego
eliass0101
VonManteuffel
Heartless Jäger
0
0
Comments
sign in to comment!
No comments posted yet!